 Dungeon Crawl Stone Soup version 0.31-a0-1612-g4aaf141004 (webtiles) character file.

Game seed: 18299003890391082004

168 MacCMillion the Chopper (level 5, -3/45 HPs)
             Began as a Minotaur Fighter on Jan 9, 2024.
             Slain by a gnoll sergeant
             ... wielding a +6 trident of holy wrath
              (13 damage)
             ... on level 3 of the Dungeon.
             The game lasted 00:03:04 (2013 turns).

MacCMillion the Chopper (Minotaur Fighter)          Turns: 2013, Time: 00:03:05

Health: -3/45      AC:  8    Str: 22    XL:     5   Next: 24%
Magic:  4/4        EV:  9    Int:  5    God:
Gold:   86         SH:  4    Dex: 10    Spells: 4/4 levels left

rFire   . . .        y - +1 hand axe (freeze)
rCold   . . .        c - +0 buckler
rNeg    . . .        b - +0 scale mail
rPois   .            (helmet restricted)
rElec   .            (no cloak)
rCorr   .            x - +0 pair of gloves
SInv    .            (no boots)
Will    .....        (no amulet) Stlth
                     (no ring)
HPRegen 0.27/turn    (no ring)
MPRegen 0.09/turn

%: no passive effects
@: no status effects
A: horns 2, retaliatory headbutt
a: no special abilities


You were on level 3 of the Dungeon.
You visited 1 branch of the dungeon, and saw 4 of its levels.

You collected 122 gold pieces.
You spent 36 gold pieces at shops.

Inventory:

Hand Weapons
 a - a +0 war axe
 y - a +1 hand axe of freezing (weapon)
Missiles
 j - 3 poisoned darts (quivered)
 n - 6 javelins
 r - 3 boomerangs
Armour
 b - a +0 scale mail (worn)
 c - a +0 buckler (worn)
 x - a +0 pair of gloves (worn)
Jewellery
 k - an amulet of magic regeneration
Scrolls
 e - a scroll of acquirement {unknown}
 f - 2 scrolls of identify {unknown}
 g - 2 scrolls of teleportation {unknown}
 m - a scroll of revelation {unknown}
 o - a scroll of fog {unknown}
 p - a scroll of poison {unknown}
 s - a scroll of brand weapon {unknown}
 t - a scroll of noise {unknown}
 u - a scroll of silence {unknown}
Potions
 d - a potion of might
 h - 2 potions of degeneration {unknown}
 i - a potion of brilliance {unknown}
 l - a potion of mutation {unknown}
 q - 2 potions of lignification
 v - a potion of heal wounds {unknown}
 w - a potion of curing {unknown}


   Skills:
 - Level 3.6 Fighting
 + Level 6.5 Axes
 - Level 3.6 Armour
 - Level 4.0 Shields


You had 4 spell levels left.
You didn't know any spells.
Your spell library contained the following spells:

 Spells                   Type           Power      Damage    Failure   Level
 Mercury Vapours          Alch/Air       0%         N/A       94%         2
 Mephitic Cloud           Conj/Alch/Air  0%         N/A       99%         3
 Freezing Cloud           Conj/Ice/Air   0%         6-21      100%        5


Dungeon Overview and Level Annotations

Branches:
Dungeon (4/15)
 Temple: D:4-7

Altars:

Shops:
D:4 !

Annotations:
D:4 1 transporter, SliceSliceBaby's ghost, novice MiFi


Innate Abilities, Weirdness & Mutations

You have a pair of horns on your head.
You reflexively headbutt those who attack you in melee.


Message History

You slash the gnoll! You freeze the gnoll.
You kill the gnoll!
Things that are here:
a +0 club; a +0 halberd; a gnoll corpse The gnoll shouts!
You hear a shout! x2
A gnoll sergeant comes into view.
It is wielding a +6 trident of holy wrath.
There are monsters nearby!
There are monsters nearby!
Things that are here:
a +0 club; a +0 halberd; a gnoll corpse
Things that are here:
a +0 club; a gnoll corpse You see here a +0 spear.
You block the gnoll sergeant's attack.
You hit the gnoll sergeant but do no damage.
The gnoll sergeant hits you with a +6 trident of holy wrath.
You hit the gnoll sergeant but do no damage.
The gnoll sergeant hits you with a +6 trident of holy wrath!
You hit the gnoll sergeant. You freeze the gnoll sergeant.
The gnoll sergeant is lightly wounded.
The gnoll sergeant hits you with a +6 trident of holy wrath.
You barely miss the gnoll sergeant.
The gnoll sergeant is lightly wounded.
The gnoll sergeant completely misses you.
You hit the gnoll sergeant but do no damage.
The gnoll sergeant is lightly wounded.
The gnoll sergeant hits you with a +6 trident of holy wrath!
You are too injured to fight recklessly!
You hit the gnoll sergeant. You freeze the gnoll sergeant.
The gnoll sergeant is moderately wounded.
The gnoll sergeant barely misses you.
You hit the gnoll sergeant. You freeze the gnoll sergeant.
Your headbutt misses the gnoll sergeant.
The gnoll sergeant is heavily wounded.
The gnoll sergeant hits you with a +6 trident of holy wrath!
* * * LOW HITPOINT WARNING * * *
You hit the gnoll sergeant but do no damage.
The gnoll sergeant is heavily wounded.
The gnoll sergeant hits you with a +6 trident of holy wrath!
You die...

##.####<#.##.##.#.#..#.#.#
#.......#.##.##.#.#....#.#
............†..........>..#
##..######.##....####.#.###
... ...###...# #.#.# #
###########...# #.#.#
..............# #.#.#
########.)##..# #...# #####
##@##..# #..## #...#
♣g♣##.# #..# # #...#
♣♣g♣♣#.. ..## ######...#
♣)..♣##.. ### .........#
♣...♣ #.# ...##....#
♣...?.♣ ## ##.##....#
♣.♣..)♣ ###### ##..#....#
....♣.. ##..... )..)#....#
)........ #......


You could see a gnoll sergeant and a gnoll.

Vanquished Creatures
  A bombardier beetle (D:3)
  3 gnolls (D:3)
  2 adders
  2 ribbon worms (D:2)
  7 orcs
  7 endoplasms
  4 giant cockroaches
  2 goblins
  12 hobgoblins
  9 jackals
  2 quokkas
  6 ball pythons
  4 bats
  4 frilled lizards (D:1)
  4 kobolds
  2 rats (D:1)
71 creatures vanquished.

Notes
Turn   | Place    | Note
-------+----------+-------------------------------------------
     0 | D:1      | MacCMillion the Minotaur Fighter began the quest for the
                  | Orb.
     0 | D:1      | Reached XP level 1. HP: 19/19 MP: 0/0
   108 | D:1      | Reached skill level 3 in Axes
   108 | D:1      | Reached XP level 2. HP: 21/26 MP: 1/1
   811 | D:2      | Reached skill level 4 in Axes
   811 | D:2      | Reached XP level 3. HP: 31/31 MP: 2/2
   823 | D:2      | Found a faded altar of an unknown god.
   853 | D:2      | You fall into a shaft and drop 2 floors!
   862 | D:4      | Found a transporter.
   862 | D:4      | Noticed SliceSliceBaby's ghost (novice MiFi)
   886 | D:4      | Found Liut's Antique Armour Boutique.
   904 | D:4      | Found Wocubemm's Distillery.
   907 | D:4      | Bought a potion of lignification for 36 gold pieces
  1041 | D:3      | Reached skill level 5 in Axes
  1059 | D:3      | Reached XP level 4. HP: 39/39 MP: 3/3
  1648 | D:2      | Reached skill level 6 in Axes
  1886 | D:3      | Reached XP level 5. HP: 32/45 MP: 4/4
  2013 | D:3      | Slain by a gnoll sergeant

Illustrated notes

Levels and vault maps discovered:
D:1:      matt_arrival_diagonals, layout_basic, minmay_pentomino_r4
D:2:      layout_basic, shapermc_ecumenical_altar_flowoftime
D:3:      layout_basic, pf_guarded_unrand_woodcutter
D:4:      cheibrodos_barr_body, layout_gridville,
          gammafunk_temple_overflow_pools, serial_shops, shop,
          nicolae_shop_behind_doors, shop, gammafunk_ghost_stat_death

Skill      XL: |  1  2  3  4 |
---------------+-------------+-----
Shields        | 4 |  4.0
Axes           | 3 4 5 6 |  6.5
Fighting       | |  3.6
Armour         | |  3.6

Action                     |  1- 3 |  4- 6 || total
---------------------------+-------+-------++-------
  Melee: War axe           |    71 |    62 ||   133
         Headbutt          |     6 |     6 ||    12
         Hand axe          |       |    16 ||    16
 Armour: Scale mail        |    50 |    53 ||   103
  Dodge: Dodged            |    37 |    22 ||    59
  Block: Buckler           |     6 |    13 ||    19

Table legend: (Time is in decaauts)
 A = Elapsed time spent in this place.
 B = Non-inter-level travel time spent in this place.
 C = Inter-level travel time spent in this place.
 D = Time resting spent in this place.
 E = Time spent auto-exploring this place.
 F = Levels seen in this place.
 G = Mean time per level.
                   A        B        C        D        E       F      G
               +--------+--------+--------+--------+--------+-----+--------+
         Total |   2050 |   2009 |     41 |     47 |   1498 |   4 |  512.5 |
       Dungeon |   2050 |   2009 |     41 |     47 |   1498 |   4 |  512.5 |
               +--------+--------+--------+--------+--------+-----+--------+

Top non-repeatable levels by time:
     D:1: 799 daAuts
     D:3: 640 daAuts
     D:2: 491 daAuts
     D:4: 120 daAuts
